 Dungeon Crawl Stone Soup version 0.30-a0-25-gacc37e2db0 (webtiles) character file.

Game seed: 10693960026342133089

133 Plasmagod the Covered (level 5, -2/33 HPs)
             Began as a Gargoyle Fighter on Aug 25, 2022.
             Slain by Terence
             ... wielding a +0 falchion
              (6 damage)
             ... on level 2 of the Dungeon.
             The game lasted 00:02:34 (2372 turns).

Plasmagod the Covered (Gargoyle Fighter)            Turns: 2372, Time: 00:02:35

Health: -2/33      AC: 12    Str: 22    XL:     5   Next: 16%
Magic:  5/5        EV:  9    Int:  8    God:
Gold:   159        SH:  4    Dex:  9    Spells: 4/4 levels left

rFire   . . .      SeeInvis .    a - +0 flail
rCold   . . .      Faith    .    c - +0 buckler
rNeg    + . .      Spirit   .    b - +0 scale mail
rPois   ∞          Reflect  .    (no helmet)
rElec   +          Harm     .    (no cloak)
rCorr   .          Rampage  .    k - +0 pair of gloves
Will    .....                    (no boots)
Stlth   ..........               (no amulet)
HPRegen 0.11/turn                (no ring)
MPRegen 0.09/turn                (no ring)

@: no status effects
A: sickness immunity, AC +4, negative energy resistance 1, electricity
resistance, torment resistance 1, petrification resistance
a: no special abilities


You were on level 2 of the Dungeon.
You visited 1 branch of the dungeon, and saw 3 of its levels.

You collected 159 gold pieces.

Inventory:

Hand Weapons
 a - a +0 flail (weapon)
Armour
 b - a +0 scale mail (worn)
 c - a +0 buckler (worn)
 k - a +0 pair of gloves (worn)
Jewellery
 e - a ring of flight
Scrolls
 g - a scroll of identify {unknown}
 i - 2 scrolls of butterflies {unknown}
 j - a scroll of teleportation {unknown}
 l - 2 scrolls of magic mapping {unknown}
 o - a scroll of poison {unknown}
 p - a scroll of immolation {unknown}
Potions
 d - a potion of might
 f - 2 potions of flight {unknown}
 h - 2 potions of lignification {unknown}
 m - a potion of cancellation {unknown}
 n - a potion of curing {unknown}


   Skills:
 + Level 3.8 Fighting
 + Level 3.5 Maces & Flails
 + Level 4.3 Armour
 + Level 1.0 Dodging
 + Level 0.3 Stealth
 + Level 3.4 Shields


You had 4 spell levels left.
You didn't know any spells.
Your spell library contained the following spells:

 Spells                   Type           Power      Damage    Failure   Level
 Malign Gateway           Summ/Tloc      0%         N/A       100%        7
 Summon Horrible Things   Summ           0%         N/A       100%        8


Dungeon Overview and Level Annotations

Branches:
Dungeon (3/15)

Altars:
Xom

Shops:
D:2 (

Annotations:
D:2 Natasha, Terence


Innate Abilities, Weirdness & Mutations

You are immune to sickness and miasma.
Your stone body is resilient. (AC +4)
You are immune to poison.
You resist negative energy. (rN+)
You are resistant to electric shocks. (rElec)
You are resistant to unholy torment.
You are immune to petrification.


Message History

You hit the gnoll but do no damage.
The gnoll is moderately wounded.
The gnoll hits you but does no damage.
You hit the gnoll.
The gnoll is heavily wounded.
The gnoll hits you but does no damage.
You sock the gnoll!
You kill the gnoll!
Things that are here:
a +0 club; a gnoll corpse Terence the Incautious comes into view.
He is wielding a +0 falchion.
Things that are here:
a +0 club; a gnoll corpse
Okay, then.
A gnoll comes into view.
It is wielding a +0 whip of electrocution.
The gnoll shouts!
You hear a shout!
Terence barely misses you.
There is a stone staircase leading up here.
Terence hits you but does no damage.
You climb upwards.
Level annotation: Natasha
There is a stone staircase leading down here.
You barely miss Terence. You block Terence's attack.
Terence hits you with a +0 falchion.
You barely miss Terence. Terence hits you with a +0 falchion.
You hit Terence.
Terence is lightly wounded.
Terence hits you with a +0 falchion.
* * * LOW HITPOINT WARNING * * *
You hit Terence.
Terence is moderately wounded.
Terence hits you but does no damage. Terence barely misses you.
You hit Terence.
Terence is heavily wounded.
Terence hits you with a +0 falchion.
* * * LOW HITPOINT WARNING * * *
You hit Terence.
Terence is severely wounded.
Terence hits you with a +0 falchion.
You die...

#.# #.# #.# #.#
#.# #.# #.# #.##
#.# #.# #..# #.#
..#######.## #.#
###........#####.#
..##.P...#.......#
#.##..PP...#####@#
#.#.........# #@#
#.#.......#.# #.#
#.#.#####.#.# #.#
#.#.....#.#.# #.#
..#.......#.# #.#
###.......#.# #.#
..#.###..##.# #.#
#.#.# #..##.# #.#
#.#.###..##.# #.#


You could see Terence.

Vanquished Creatures
  An orc priest (D:2)
  Natasha (D:2)
  An adder (D:2)
  2 gnolls (D:3)
  An adder zombie (D:2)
  An adder skeleton (D:2)
  A dart slug (D:1)
  4 orcs
  4 endoplasms
  A giant cockroach (D:3)
  4 goblins (D:1)
  2 hobgoblins
  3 kobolds
  A quokka (D:1)
  5 ball pythons
  3 bats (D:2)
  2 frilled lizards
  3 rats
40 creatures vanquished.

Vanquished Creatures (others)
  2 withered plants (D:2)
2 creatures vanquished.

Grand Total: 42 creatures vanquished

Notes
Turn   | Place    | Note
-------+----------+-------------------------------------------
     0 | D:1      | Plasmagod the Gargoyle Fighter began the quest for the Orb.
     0 | D:1      | Reached XP level 1. HP: 14/14 MP: 1/1
     7 | D:1      | Noticed a servant of whispers
     7 | D:1      | Noticed a basilisk
     8 | D:1      | Noticed a stone giant
   385 | D:1      | Reached XP level 2. HP: 13/19 MP: 2/2
  1283 | D:2      | Found a shimmering altar of Xom.
  1298 | D:2      | Reached XP level 3. HP: 23/23 MP: 3/3
  1318 | D:2      | Noticed Natasha
  1321 | D:2      | Killed Natasha
  1322 | D:2      | Reached skill level 4 in Armour
  1340 | D:2      | Reached XP level 4. HP: 25/29 MP: 4/4
  1570 | D:2      | Found a faded altar of an unknown god.
  1732 | D:2      | Found Suifaraf's Weapon Boutique.
  1773 | D:2      | Noticed Natasha
  2295 | D:3      | Reached skill level 1 in Dodging
  2295 | D:3      | Reached XP level 5. HP: 15/33 MP: 5/5
  2334 | D:3      | Noticed Terence
  2372 | D:2      | Slain by Terence

Illustrated notes

Levels and vault maps discovered:
D:1:      onia_arrival_zoo_common, layout_loops_ring, reono_crystal_passage,
          minmay_misc_feat_cross
D:2:      layout_loops_ring, serial_shops, shop, ebering_ecumenical_altar_hall,
          serial_undead, serial_undead_f, serial_undead_a, serial_undead_b,
          serial_undead_b, basic_altar, nicolae_concentric_dashed_squares_wild,
          patterned_corridor, uniq_natasha
D:3:      layout_basic, uniq_terence

Skill      XL: |  1  2  3  4 |
---------------+-------------+-----
Armour         | 4 |  4.3
Maces & Flails | 3 |  3.5
Dodging        | 1 |  1.0
Fighting       | |  3.8
Stealth        | |  0.3
Shields        | |  3.4

Action                   |  1- 3 |  4- 6 || total
-------------------------+-------+-------++-------
Melee: Flail             |    64 |    76 ||   140
Armor: Scale mail        |    34 |    31 ||    65
Dodge: Dodged            |    37 |    34 ||    71
Block: Buckler           |    11 |    11 ||    22

Table legend: (Time is in decaauts)
 A = Elapsed time spent in this place.
 B = Non-inter-level travel time spent in this place.
 C = Inter-level travel time spent in this place.
 D = Time resting spent in this place.
 E = Time spent auto-exploring this place.
 F = Levels seen in this place.
 G = Mean time per level.
                   A        B        C        D        E       F      G
               +--------+--------+--------+--------+--------+-----+--------+
         Total |   2416 |   2354 |     62 |      0 |   1971 |   3 |  805.3 |
       Dungeon |   2416 |   2354 |     62 |      0 |   1971 |   3 |  805.3 |
               +--------+--------+--------+--------+--------+-----+--------+

Top non-repeatable levels by time:
     D:1: 1299 daAuts
     D:2: 997 daAuts
     D:3: 119 daAuts
